AoeStats
← a4rkangel

Arabian Desert

509791979Analyzed
1v1 RM · 4d ago on Sep 28, 2026· 52m 12s· 2 players
Game mode
Random Map
Map size
Tiny (2 player)
Population
200
Speed
Normal
Resources
Standard
Victory
Conquest
Starting age
Dark Age
Ending age
Imperial Age
RankedLock teamsTeams togetherTeam positionsShared explorationLock speedFull tech treeHidden civsTurbo modeCheats
Victory
Defeat
🇨🇱 Magyars · Chile
784
+14
🇻🇪 Varangians · Venezuela
735
-31
a4rkangel
8:32 Loom
10:18 Feudal Age
11:10 Man-at-Arms
23:32 Castle Age
21:31 Horse Collar
22:33 Gold Mining
22:37 Double-Bit Axe
23:48 Long Swordsman
24:41 Scale Mail Armor
25:26 Heavy Plow
26:40 Chain Mail Armor
27:37 Arson
29:21 Bloodlines
31:08 Bow Saw
30:52 Stone Mining
39:18 Imperial Age
37:25 Wheelbarrow
37:28 Herbal Medicine
37:25 Fletching
40:15 Scale Barding Armor
40:06 Bodkin Arrow
40:29 Hand Cart
40:12 Two-Handed Swordsman
41:59 Bracer
42:35 Pikeman
44:42 Halberdier
47:13 Murder Holes
48:19 Chemistry
48:47 Cavalier
49:29 Husbandry
50:17 Chain Barding Armor
51:47 Capped Ram
52:01 Champion
53:21 Plate Barding Armor
Cronox
5:13 Loom
10:25 Feudal Age
11:08 Double-Bit Axe
13:19 Bloodlines
18:58 Forging
19:11 Scale Mail Armor
19:37 Man-at-Arms
21:48 Horse Collar
25:40 Wheelbarrow
25:07 Gold Mining
28:37 Castle Age
28:58 Fletching
29:29 Bow Saw
30:49 Squires
31:39 Iron Casting
31:22 Gambesons
31:42 Horse Collar
33:51 Bodkin Arrow
36:36 Husbandry
36:45 Scale Barding Armor
38:37 Chain Barding Armor
44:57 Ballistics
44:35 Murder Holes
47:12 Imperial Age
46:31 Treadmill Crane
Connection lost

Rejoining the realm…

Still unreachable

The connection could not be restored.

Session expired

The server has moved on; the page needs a fresh start.